 Dungeon Crawl Stone Soup version 0.30.1-4-g462c640d31 (webtiles) character file.

Game seed: 1132108098616547143

326 CarvArkoylaein the Slicer (level 6, -3/53 HPs)
             Began as a Gnoll Wanderer on Sept 1, 2023.
             Was a Follower of Makhleb.
             Succumbed to a water moccasin's poison
             ... on level 5 of the Dungeon.
             The game lasted 00:42:54 (2749 turns).

CarvArkoylaein the Slicer (Gnoll Wanderer)          Turns: 2749, Time: 00:42:55

Health: -3/53      AC:  7    Str: 15    XL:     6   Next: 49%
Magic:  9/9        EV:  9    Int:  8    God:    Makhleb [*.....]
Gold:   207        SH:  4    Dex: 13    Spells: 9/9 levels left

rFire   + . .        a - +0 rapier
rCold   . . .        o - +0 buckler
rNeg    . . .        c - +0 scale mail
rPois   .            (no helmet)
rElec   .            (no cloak)
rCorr   .            (no gloves)
SInv    .            (no boots)
Will    .....        (no amulet)
Stlth   +            n - ring of protection from fire
HPRegen 0.28/turn    (no ring)
MPRegen 0.11/turn

%: no passive effects
@: lethally poisoned (-3 -> -17), about to teleport
A: fangs 1, strong nose, distributed training
a: Renounce Religion


You were on level 5 of the Dungeon.
You worshipped Makhleb.
Makhleb was aware of your devotion.
You visited 1 branch of the dungeon, and saw 5 of its levels.

You collected 207 gold pieces.

Inventory:

Hand Weapons
 a - a +0 rapier (weapon)
Missiles
 e - 5 javelins (quivered)
 i - 21 poisoned darts
Armour
 c - a +0 scale mail (worn)
 l - a +0 chain mail
 o - a +0 buckler (worn)
Jewellery
 n - a ring of protection from fire (left hand)
Wands
 q - a wand of polymorph (2)
Potions
 b - a potion of mutation {unknown}
 d - a potion of haste
 f - a potion of curing
 g - 3 potions of attraction
 h - a potion of flight
 j - 2 potions of magic
 k - a potion of lignification {unknown}
 m - a potion of heal wounds {unknown}


   Skills:
 + Level 6.9 Fighting
 + Level 8.8 Short Blades
 + Level 2.1 Long Blades
 + Level 3.3 Axes
 + Level 2.1 Maces & Flails
 + Level 2.1 Polearms
 + Level 2.1 Staves
 + Level 2.1 Ranged Weapons
 + Level 2.1 Throwing
 + Level 5.0 Armour
 + Level 2.1 Dodging
 + Level 2.1 Stealth
 + Level 2.1 Shields
 + Level 2.1 Unarmed Combat
 + Level 2.1 Spellcasting
 + Level 1.6 Conjurations
 + Level 1.6 Hexes
 + Level 1.6 Summonings
 + Level 1.6 Necromancy
 + Level 1.6 Translocations
 + Level 1.6 Transmutations
 + Level 1.6 Fire Magic
 + Level 1.6 Ice Magic
 + Level 1.6 Air Magic
 + Level 1.6 Earth Magic
 + Level 1.6 Poison Magic
 + Level 2.3 Invocations
 + Level 2.1 Evocations


You had 9 spell levels left.
You didn't know any spells.
Your spell library contained the following spells:

 Spells                   Type           Power      Damage    Failure   Level
 Dazzling Flash           Conj/Hex       6%         N/A       95%         3
 Stone Arrow              Conj/Erth      6%         3d7       95%         3
 Volatile Blastmotes      Fire/Tloc      6%         2d10      95%         3
 Animate Armour           Summ/Erth      6%         N/A       100%        4
 Iskenderun's Mystic Bla  Conj/Tloc      3%         2d3       100%        4
 Starburst                Conj/Fire      1%         6d3       100%        6
 Lehudib's Crystal Spear  Conj/Erth      1%         10d2      100%        8


Dungeon Overview and Level Annotations

Branches:
Dungeon (5/15)
 Temple: D:4-7

Altars:
Ashenzari
Fedhas
Hepliaklqana
Kikubaaqudgha
Makhleb
Zin


Innate Abilities, Weirdness & Mutations

You have very sharp teeth.
Your uncanny sense of smell can sniff out nearby items.
Your experience applies equally to all skills.


Message History

The water moccasin bites you.
Throw: 7 javelins
Press: ? - help, Q - select action, (/) - cycle Shift-Dir - straight line, f/p - water moccasin
Aim: a water moccasin (moderately wounded, 44% to hit)
You throw a javelin.
The javelin barely misses the water moccasin.
You feel very sick. The water moccasin bites you! The water moccasin bites you.
Aiming: Polymorph
Press: ? - help, Q - select action, (/) - cycle Shift-Dir - straight line, f - iguana, p - water moccasin
Aim: an iguana (will become a jelly, a goblin, or a howler monkey, chance to affect: 63%)
The iguana evaporates and reforms as a jelly!
You feel sick. The water moccasin barely misses you.
You puncture the jelly!
Your hands burn!
The jelly is heavily wounded.
You feel sick. The water moccasin bites you.
The jelly hits you but does no damage.
You hit the water moccasin.
The water moccasin is heavily wounded.
You feel sick. The water moccasin bites you.
You are more poisoned.
The water moccasin poisons you! The jelly barely misses you.
The water moccasin bites you.
* * * LOW HITPOINT WARNING * * *
You are more poisoned.
The water moccasin poisons you!
* * * LOW HITPOINT WARNING * * *
You feel very sick. The jelly barely misses you.
Throw: 6 javelins
Press: ? - help, Q - select action, (/) - cycle Shift-Dir - straight line, f - water moccasin, p - jelly
Aim: a water moccasin (heavily wounded, 44% to hit)
You throw a javelin. The javelin misses the water moccasin.
* * * LOW HITPOINT WARNING * * *
You feel very sick.
The water moccasin bites you but does no damage.
The jelly hits you but does no damage. You block the water moccasin's attack.
As you read the scroll of teleportation, it crumbles to dust.
You feel strangely unstable.
You die...

######## #......#
#......# #......#
......#######..∆.._
#^##.........##..8
..######......#.....#..._
#(......J................
....###S@................
# #..................
#..................
##..................
#.#.......>...........
.......................
......#.................
........................
####...#.......####...†.


You could see a water moccasin and a jelly.

Vanquished Creatures
  A scorpion (D:4)
  3 jellies (D:4)
  3 gnolls (D:3)
  5 adders
  3 worms
  3 dart slugs
  2 orcs (D:3)
  4 bats
  4 endoplasms
  5 giant cockroaches
  7 goblins
  7 hobgoblins
  10 jackals
  6 quokkas
  6 ball pythons
  5 frilled lizards
  7 kobolds
  10 rats
91 creatures vanquished.

Notes
Turn   | Place    | Note
-------+----------+-------------------------------------------
     0 | D:1      | CarvArkoylaein the Gnoll Wanderer began the quest for the
                  | Orb.
     0 | D:1      | CarvArkoylaein set off with the following items: a +0
                  | rapier, a +0 hand axe, a +0 scale mail, a potion of haste.
     0 | D:1      | Reached XP level 1. HP: 23/23 MP: 1/1
    51 | D:1      | Found a faded altar of an unknown god.
   205 | D:1      | Reached XP level 2. HP: 29/29 MP: 2/2
   859 | D:2      | Reached XP level 3. HP: 35/35 MP: 3/3
   889 | D:2      | Reached skill level 1 in Invocations
  1131 | D:2      | Reached skill level 1 in Long Blades
  1131 | D:2      | Reached skill level 1 in Maces & Flails
  1131 | D:2      | Reached skill level 1 in Polearms
  1131 | D:2      | Reached skill level 1 in Staves
  1131 | D:2      | Reached skill level 1 in Ranged Weapons
  1131 | D:2      | Reached skill level 1 in Throwing
  1131 | D:2      | Reached skill level 1 in Dodging
  1131 | D:2      | Reached skill level 1 in Stealth
  1131 | D:2      | Reached skill level 1 in Shields
  1131 | D:2      | Reached skill level 1 in Unarmed Combat
  1131 | D:2      | Reached skill level 1 in Spellcasting
  1131 | D:2      | Reached skill level 1 in Evocations
  1288 | D:2      | Reached XP level 4. HP: 24/41 MP: 5/5
  1423 | D:3      | Reached skill level 1 in Conjurations
  1423 | D:3      | Reached skill level 1 in Hexes
  1423 | D:3      | Reached skill level 1 in Summonings
  1423 | D:3      | Reached skill level 1 in Necromancy
  1423 | D:3      | Reached skill level 1 in Translocations
  1423 | D:3      | Reached skill level 1 in Transmutations
  1423 | D:3      | Reached skill level 1 in Fire Magic
  1423 | D:3      | Reached skill level 1 in Ice Magic
  1423 | D:3      | Reached skill level 1 in Air Magic
  1423 | D:3      | Reached skill level 1 in Earth Magic
  1423 | D:3      | Reached skill level 1 in Poison Magic
  1638 | D:3      | Reached XP level 5. HP: 47/47 MP: 7/7
  1804 | D:3      | Found a burning altar of Makhleb.
  1826 | D:3      | Became a worshipper of Makhleb the Destroyer
  1873 | D:3      | Found a broken altar of Ashenzari.
  1873 | D:3      | Found an ancient bone altar of Kikubaaqudgha.
  2423 | D:4      | Found a hazy altar of Hepliaklqana.
  2434 | D:4      | Reached XP level 6. HP: 51/53 MP: 8/8
  2436 | D:4      | Reached * piety under Makhleb
  2494 | D:4      | Reached skill level 5 in Armour
  2681 | D:5      | Entered Level 5 of the Dungeon
  2700 | D:5      | Found a blossoming altar of Fedhas.
  2702 | D:5      | Found a glowing silver altar of Zin.
  2734 | D:5      | Noticed a water moccasin
  2748 | D:5      | HP: 1/53 [poisoned by a water moccasin]
  2749 | D:5      | Succumbed to a water moccasin's poison

Illustrated notes

Levels and vault maps discovered:
D:1:      noname_arrival_rooms_in_the_neighbourhood, layout_basic,
          shapermc_ecumenical_altar_gd, serial_bayou_pond_d,
          minmay_rat_gold_closets
D:2:      layout_basic, nicolae_wormholes
D:3:      minmay_bubble_buster, layout_basic,
          mainiacjoe_overflow_large_starburst, old_standard_altar,
          grunt_ministairs_3
D:4:      layout_basic, lemuel_tele_altar, kennysheep_donut, corexii_shack
D:5:      layout_rooms, mainiacjoe_overflow_alcove_2,
          chequers_temple_overflow_statue_of_worship

Skill      XL: |  1  2  3  4  5  6 |
---------------+-------------------+-----
Invocations    | 1 2 |  2.3
Long Blades    | 1 2 |  2.1
Maces & Flails | 1 2 |  2.1
Polearms       | 1 2 |  2.1
Staves         | 1 2 |  2.1
Ranged Weapons | 1 2 |  2.1
Throwing       | 1 2 |  2.1
Dodging        | 1 2 |  2.1
Stealth        | 1 2 |  2.1
Shields        | 1 2 |  2.1
Unarmed Combat | 1 2 |  2.1
Spellcasting   | 1 2 |  2.1
Evocations     | 1 2 |  2.1
Conjurations   | 1 |  1.6
Hexes          | 1 |  1.6
Summonings     | 1 |  1.6
Necromancy     | 1 |  1.6
Translocations | 1 |  1.6
Transmutations | 1 |  1.6
Fire Magic     | 1 |  1.6
Ice Magic      | 1 |  1.6
Air Magic      | 1 |  1.6
Earth Magic    | 1 |  1.6
Poison Magic   | 1 |  1.6
Axes           | 3 |  3.3
Armour         | 5 |  5.0
Fighting       | |  6.9
Short Blades   | |  8.8

Action                     |  1- 3 |  4- 6 || total
---------------------------+-------+-------++-------
  Melee: Rapier            |   106 |   206 ||   312
         Bite              |    14 |    19 ||    33
         Punch             |     2 |     3 ||     5
  Throw: Javelin           |    10 |    10 ||    20
         Dart              |       |     3 ||     3
  Evoke: Wand              |       |     1 ||     1
    Use: Scroll            |     2 |     7 ||     9
         Potion            |     1 |     1 ||     2
 Armour: Scale mail        |    36 |    80 ||   116
  Dodge: Dodged            |    28 |    92 ||   120
  Block: Buckler           |       |    15 ||    15
